AoeStats
← [RZ] HardZeeiRa-BR

Pilgrims

509901083Analyzed
3v3 RM · 4d ago on Sep 28, 2026· 38m 48s· 6 players
Game mode
Random Map
Map size
Normal (6 player)
Population
200
Speed
Normal
Resources
Standard
Victory
Conquest
Starting age
Dark Age
Ending age
Imperial Age
RankedLock teamsTeams togetherTeam positionsShared explorationLock speedFull tech treeHidden civsTurbo modeCheats
Victory
Defeat
🇺🇸 Varangians · United States
1293
+12
🇨🇱 Lithuanians · Chile
1275
+12
🇪🇸 Huns · Spain
1237
+14
🇧🇷 Portuguese · Brazil
1230
-14
🇧🇷 Varangians · Brazil
1212
-13
🇨🇦 Danes · Canada
1146
-11
Blegh
7:16 Loom
10:00 Feudal Age
10:40 Double-Bit Axe
12:19 Fishing Lines
14:50 Forging
14:31 Fletching
19:10 Castle Age
17:49 Gold Mining
20:11 Medium Warships
20:03 Bodkin Arrow
21:56 Wheelbarrow
22:07 Gillnets
24:06 Bow Saw
27:19 Ballistics
30:03 Scale Barding Armor
31:05 Chain Barding Armor
31:02 Hand Cart
30:32 Town Watch
32:16 Iron Casting
31:51 Pikeman
32:46 Husbandry
36:01 Imperial Age
33:47 Bloodlines
33:59 Stone Mining
35:08 Squires
35:32 Arson
35:37 Horse Collar
37:13 Stone Shaft Mining
36:57 Halberdier
37:55 Heavy Plow
38:28 Masonry
38:46 Scale Mail Armor
40:08 Two-Man Saw
Slingmachine
6:47 Loom
15:15 Feudal Age
Druminado
3:43 Loom
11:33 Feudal Age
12:14 Double-Bit Axe
15:36 Forging
21:56 Castle Age
23:36 Wheelbarrow
23:18 Bow Saw
24:17 Wheelbarrow
26:26 Town Watch
28:57 Bloodlines
31:10 Scale Barding Armor
32:17 Hand Cart
32:28 Husbandry
33:14 Horse Collar
35:02 Chain Barding Armor
36:07 Iron Casting
38:53 Fletching
39:06 Padded Archer Armor
[RZ]TEVOSS
3:45 Loom
24:42 Feudal Age
25:58 Gold Mining
27:24 Wheelbarrow
27:16 Double-Bit Axe
27:30 Horse Collar
29:57 Arson
33:45 Castle Age
31:45 Stone Mining
33:36 Bloodlines
34:49 Husbandry
36:53 Gold Shaft Mining
36:23 Light Cavalry
[RZ] HardZeeiRa-BR
7:11 Loom
10:30 Feudal Age
12:55 Bloodlines
13:38 Double-Bit Axe
20:21 Wheelbarrow
23:57 Castle Age
22:35 Scale Barding Armor
23:28 Forging
25:48 Iron Casting
27:31 Chain Barding Armor
27:24 Husbandry
32:38 Horse Collar
33:58 Bow Saw
HighLanderGhost
7:12 Loom
11:02 Feudal Age
11:39 Fishing Lines
13:33 Double-Bit Axe
13:58 Gold Mining
14:36 Fletching
14:42 Gold Mining
23:44 Horse Collar
26:31 Castle Age
26:52 Wheelbarrow
26:34 Scale Barding Armor
26:41 Forging
27:37 Chain Barding Armor
28:02 Bow Saw
29:16 Bloodlines
29:07 Husbandry
32:45 Crossbowman
33:29 Bodkin Arrow
34:44 Padded Archer Armor
35:29 Thumb Ring
36:05 Ballistics
36:21 Leather Archer Armor
38:49 Iron Casting
Connection lost

Rejoining the realm…

Still unreachable

The connection could not be restored.

Session expired

The server has moved on; the page needs a fresh start.